 Dungeon Crawl Stone Soup version 0.28-a0-1520-gc3277d3759 (webtiles) character file.

Game seed: 544512042568882155

929 kae the Insei (level 7, -4/46 HPs)
             Began as a Demonspawn Transmuter on Jan 17, 2022.
             Slain by an orc priest (6 damage)
             ... on level 5 of the Dungeon.
             The game lasted 00:05:18 (6663 turns).

kae the Insei (Demonspawn Transmuter)               Turns: 6663, Time: 00:05:18

Health: -4/46      AC:  2    Str: 10    XL:     7   Next: 85%
Magic:  10/12      EV: 21    Int: 16    God:
Gold:   158        SH:  0    Dex: 19    Spells: 4/12 levels left

rFire   . . .      SeeInvis .     - Unarmed
rCold   . . .      Faith    .   (shield currently unavailable)
rNeg    . . .      Spirit   .   (armour currently unavailable)
rPois   x          Reflect  .   (helmet currently unavailable)
rElec   .          Harm     .   (cloak currently unavailable)
rCorr   .          Rampage  .   (gloves currently unavailable)
Will    .....                   (boots currently unavailable)
Stlth   ++........              (no amulet)
HPRegen 0.15/turn               (no ring)
MPRegen 0.13/turn               (no ring)

@: spider-form (expiring)
A: venomous fangs, tiny, (spiny 1), (sturdy frame 3), (cold resistance 1), frail
1
a: End Transformation


You were on level 5 of the Dungeon.
You were a venomous arachnid creature.
You visited 1 branch of the dungeon, and saw 5 of its levels.

You collected 158 gold pieces.

Inventory:

Armour
 a - a +0 robe (melded)
 c - a +1 pair of gloves (melded)
Jewellery
 b - an amulet of faith
Wands
 i - a wand of flame (24)
Scrolls
 k - 2 scrolls of amnesia
Potions
 d - a potion of lignification {unknown}
 e - a potion of mutation
 g - a potion of heal wounds {unknown}
 h - 4 potions of might
 j - a potion of degeneration {unknown}


   Skills:
 + Level 3.0 Fighting
 + Level 3.2 Dodging
 * Level 4.7 Unarmed Combat
 + Level 3.4 Spellcasting
 * Level 4.3 Transmutations
 * Level 2.3 Ice Magic
 - Level 2.0 Poison Magic


You had 4 spell levels left.
You knew the following spells:

 Your Spells              Type           Power      Damage    Failure   Level
a - Beastly Appendage     Tmut           32%        N/A       11%         1
b - Spider Form           Tmut/Pois      12%        N/A       32%         3
c - Ice Form              Ice/Tmut       13%        N/A       63%         4

Your spell library contained the following spells:

 Spells                   Type           Power      Damage    Failure   Level
 Sting                    Tmut/Pois      48%        1d5       14%         1
 Wereblood                Tmut           16%        N/A       14%         2
 Summon Small Mammal      Summ           8%         N/A       38%         1
 Poisonous Vapours        Pois/Air       10%        N/A       38%         2
 Corpse Rot               Necr/Air       4%         N/A       47%         2
 Static Discharge         Conj/Air       2%         N/A       47%         2
 Sublimation of Blood     Necr           2%         N/A       47%         2
 Call Canine Familiar     Summ           2%         N/A       69%         3
 Summon Guardian Golem    Hex/Summ       2%         N/A       69%         3
 Olgreb's Toxic Radiance  Pois           9%         N/A       80%         4
 Dispel Undead            Necr           2%         3d7       96%         4
 Sticky Flame             Conj/Fire      2%         2d3       96%         4
 Blade Hands              Tmut           8%         N/A       82%         5
 Irradiate                Conj/Tmut      4%         3d14      97%         5
 Dragon Form              Tmut           8%         N/A       100%        7
 Summon Hydra             Summ           1%         N/A       100%        7


Dungeon Overview and Level Annotations

Branches:
Dungeon (5/15)
 Temple: D:4-7

Altars:

Shops:
D:4 :[[


Innate Abilities, Weirdness & Mutations

You are a venomous arachnid creature.
You have poisonous fangs.
You are tiny and dextrous.
Your spellcasting is less reliable in this form.
Your armour is entirely melded.
You are incapable of wielding weapons or throwing items.
((You are partially covered in sharp spines.))
((Your movements are significantly less encumbered by armour. (ER -6)))
((Your flesh is cold resistant. (rC+)))
You are frail. (-10% HP)


Message History

You barely miss Blork the orc.
Blork the orc is moderately wounded.
Blork the orc barely misses you.
You hit Blork the orc.
Blork the orc looks as sick as possible!
Blork the orc is heavily wounded.
Blork the orc hits you with a +2 flail of holy wrath!
You convulse!
* * * LOW HITPOINT WARNING * * *
You are too injured to fight recklessly!
You are too injured to fight recklessly!
You are too injured to fight recklessly!
You are too injured to fight recklessly!
You hit Blork the orc.
Blork the orc looks as sick as possible!
Blork the orc is severely wounded.
Blork the orc casts a spell at you. The puff of flame misses you.
You feel better.
Your transformation is almost over.
Blork the orc hits you with a +2 flail of holy wrath!
* * * LOW HITPOINT WARNING * * *
You convulse.
* * * LOW HITPOINT WARNING * * *
You feel better.
You kill Blork the orc!
Your Fighting skill increases to level 3!
Okay, then.
You bite the orc priest!
The orc priest is severely wounded.
The orc priest misses you.
You barely miss the orc priest.
The orc priest is severely wounded.
The orc priest invokes the aid of Beogh against you.
Beogh smites you!
* * * LOW HITPOINT WARNING * * *
You completely miss the orc priest.
The orc priest is severely wounded.
The orc priest hits you with a +0 mace of holy wrath.
You die...

######## ##
####### # #.....#
# #.....# ###
#....[# ###...
#.....# ......#
#.....#
.......####.....#
......oos.'.....#
.......####.....#
#####.. #.....#
#.. ##.####
#..#####.#####
#............#
#...########.#
#.. #.# #.#


You could see an orc priest and an orc.

Vanquished Creatures
  A water moccasin (D:5)
  An ice beast (D:5)
  A black bear (D:5)
  A necrophage (D:5)
  A centaur (D:5)
  A phantom (D:4)
  Blork the orc (D:5)
  A bullfrog (D:4)
  A scorpion (D:4)
  An orc priest (D:4)
  An orc wizard (D:4)
  A hound skeleton (D:4)
  Robin (D:2)
  A howler monkey skeleton (D:5)
  2 adders
  An ufetubus (D:4)
  3 worms
  A dart slug (D:3)
  9 orcs
  5 bats
  9 endoplasms
  4 giant cockroaches
  12 goblins
  4 hobgoblins
  7 jackals
  4 quokkas
  8 ball pythons
  3 frilled lizards (D:3)
  7 kobolds
  3 rats
96 creatures vanquished.

Notes
Turn   | Place    | Note
-------+----------+-------------------------------------------
     0 | D:1      | kae the Demonspawn Transmuter began the quest for the Orb.
     0 | D:1      | Reached XP level 1. HP: 15/15 MP: 3/3
   189 | D:1      | Gained mutation: Your movements are slightly less
                  | encumbered by armour. (ER -2) [demonic ancestry]
   189 | D:1      | Reached XP level 2. HP: 21/21 MP: 3/5
  1529 | D:2      | Reached XP level 3. HP: 23/26 MP: 4/6
  1533 | D:2      | Learned a level 3 spell: Spider Form
  1967 | D:2      | Noticed Robin
  1982 | D:2      | Killed Robin
  2529 | D:2      | Reached skill level 1 in Poison Magic
  2712 | D:2      | Gained mutation: Your movements are less encumbered by
                  | armour. (ER -4) [demonic ancestry]
  2712 | D:2      | Reached XP level 4. HP: 21/32 MP: 5/7
  2956 | D:3      | You fall into a shaft and drop 1 floor!
  3141 | D:4      | Noticed a scorpion
  4527 | D:4      | Found Agawom's Antique Armour Shoppe.
  4540 | D:4      | Found Naigg's Book Shop.
  4681 | D:4      | Noticed a phantom
  4704 | D:4      | Killed a phantom
  4705 | D:4      | Gained mutation: Your movements are significantly less
                  | encumbered by armour. (ER -6) [demonic ancestry]
  4705 | D:4      | Reached XP level 5. HP: 13/38 MP: 5/8
  4937 | D:4      | Gained mutation: You are frail. (-10% HP) [potion of
                  | mutation]
  4937 | D:4      | Gained mutation: Your flesh is cold resistant. (rC+)
                  | [potion of mutation]
  4956 | D:4      | Gained mutation: You are partially covered in sharp spines.
                  | [demonic ancestry]
  4956 | D:4      | Reached XP level 6. HP: 33/39 MP: 10/10
  5168 | D:4      | Learned a level 4 spell: Ice Form
  5502 | D:4      | Found Kummorch's Armour Shop.
  5653 | D:5      | Entered Level 5 of the Dungeon
  5725 | D:5      | Noticed an ice beast
  5740 | D:5      | Killed an ice beast
  5741 | D:5      | Reached skill level 1 in Ice Magic
  5854 | D:5      | Reached XP level 7. HP: 17/45 MP: 8/11
  6650 | D:5      | Noticed Blork the orc
  6660 | D:5      | Killed Blork the orc
  6662 | D:5      | HP: 2/46 [orc priest/divine providence (10)]
  6663 | D:5      | Slain by an orc priest

Illustrated notes

Levels and vault maps discovered:
D:1:      kennysheep_arrival_seaside, layout_loops_ring
D:2:      layout_rooms, serial_co_window_serial, co_window_corner_a,
          co_window_of_opportunity_a, co_window_paths_a, co_window_paths_a,
          co_window_paths_a, co_window_of_opportunity_a,
          co_window_of_opportunity_a, co_window_2corner, co_window_cross_4,
          co_window_paths_c, co_window_4corner_a, co_window_4corner_b,
          glass_columns_a, glass_columns_a, minmay_pentomino_u2, uniq_robin
D:3:      layout_basic, grunt_decor_resistance, minmay_door_square,
          feat_on_display
D:4:      layout_cave_pods, serial_shops, shop, nicolae_square_shop,
          nicolae_shop_temple_entry_statues_fountains
D:5:      layout_basic, mainiacjoe_overflow_chevrons, uniq_blork_the_orc

Skill      XL: |  1  2  3  4  5  6  7 |
---------------+----------------------+-----
Transmutations | 2 3 4 |  4.3
Dodging        | 2 3 |  3.2
Unarmed Combat | 3 4 |  4.7
Poison Magic   | 1 2 |  2.0
Fighting       | 2 3 |  3.0
Spellcasting   | 3 |  3.4
Ice Magic      | 1 2 |  2.3

Action                   |  1- 3 |  4- 6 |  7- 9 || total
-------------------------+-------+-------+-------++-------
Melee: Unarmed           |   134 |   154 |    34 ||   322
       Kick              |    22 |    16 |       ||    38
       Headbutt          |    10 |     9 |       ||    19
       Punch             |     4 |     1 |       ||     5
 Cast: Beastly Appendage |    27 |    27 |       ||    54
       Spider Form       |     1 |     9 |     5 ||    15
  Use: Scroll            |     2 |     5 |       ||     7
       Potion            |       |     4 |     2 ||     6
 Stab: Sleeping          |     1 |     1 |       ||     2
Armor: Robe              |    35 |    16 |       ||    51
       Skin              |       |     7 |     4 ||    11
Dodge: Dodged            |    90 |   126 |    25 ||   241

Table legend: (Time is in decaauts)
 A = Elapsed time spent in this place.
 B = Non-inter-level travel time spent in this place.
 C = Inter-level travel time spent in this place.
 D = Time resting spent in this place.
 E = Time spent auto-exploring this place.
 F = Levels seen in this place.
 G = Mean time per level.
                   A        B        C        D        E       F      G
               +--------+--------+--------+--------+--------+-----+--------+
         Total |   6646 |   6552 |     94 |    113 |   5591 |   5 | 1329.2 |
       Dungeon |   6646 |   6552 |     94 |    113 |   5591 |   5 | 1329.2 |
               +--------+--------+--------+--------+--------+-----+--------+

Top non-repeatable levels by time:
     D:2: 1702 daAuts
     D:1: 1345 daAuts
     D:4: 1313 daAuts
     D:3: 1279 daAuts
     D:5: 1005 daAuts
